 Dungeon Crawl Stone Soup version 0.22-a0-833-g8522bf8 (webtiles) character file.

10196 torrenera the Fighter (level 11, -4/145 HPs)
             Began as a Demigod Fire Elementalist on July 25, 2018.
             Slain by a yak (6 damage)
             ... on level 10 of the Dungeon.
             The game lasted 00:46:53 (15703 turns).

torrenera the Fighter (Demigod Fire Elementalist)  Turns: 15703, Time: 00:46:54

Health: -4/145     AC:  7    Str: 20    XL:     11   Next: 11%
Magic:  16/25      EV: 12    Int: 21    God:
Gold:   721        SH:  0    Dex: 19    Spells: 10/23 levels left

rFire    . . .     SeeInvis .   b - +2 trident (venom)
rCold    . . .     Gourm    .   (no shield)
rNeg     . . .     Faith    .   e - +0 robe
rPois    .         Spirit   .   R - +0 helmet
rElec    .         Reflect  .   V - +0 cloak
rCorr    .         Harm     .   o - +0 pair of gloves
MR       +....                  (no boots)
Stlth    ..........             (no amulet)
HPRegen  0.34/turn              O - +3 ring of dexterity
MPRegen  0.19/turn              r - +2 ring of protection

@: berserking, about to teleport, very quick
A: high mp 1
a: no special abilities


You were on level 10 of the Dungeon.
You were hungry.

You visited 1 branch of the dungeon, and saw 11 of its levels.

You collected 721 gold pieces.

Inventory:

Hand Weapons
 a - a +0 blowgun
 b - a +2 trident of venom (weapon)
 p - a +0 hunting sling
Missiles
 n - 142 sling bullets
 y - 415 stones (quivered)
 F - 70 poisoned needles
 N - 14 javelins
Armour
 e - a +0 robe (worn)
 o - a +0 pair of gloves (worn)
 Q - a +0 buckler
 R - a +0 helmet (worn)
 T - the +0 ring mail "Gusimuxku" {rC+}
   (You took it off an orc on level 5 of the Dungeon)

   It protects you from cold.
 V - a +0 cloak (worn)
Jewellery
 m - an uncursed ring of fire
 r - a +2 ring of protection (right hand)
 t - an uncursed ring of ice
 A - an uncursed ring of protection from magic
 I - an uncursed ring of fire
 O - a +3 ring of dexterity (left hand)
 U - an uncursed amulet of regeneration {unknown}
 X - an uncursed ring of resist corrosion {unknown}
 Z - the ring of the Lumpy Ships {rN+ Str+5, unknown}
   (You found it on level 8 of the Dungeon)

   [ring of positive energy]

   It affects your strength (+5).
   It protects you from negative energy.
Wands
 l - a wand of flame (24)
 x - a wand of clouds (6)
 E - a wand of iceblast (9)
Scrolls
 j - 5 scrolls of remove curse
 k - 3 scrolls of magic mapping {unknown}
 q - 7 scrolls of teleportation
 s - a scroll of fog {unknown}
 w - 2 scrolls of blinking {unknown}
 B - 3 scrolls of amnesia {unknown}
 D - 4 scrolls of immolation {unknown}
 J - 2 scrolls of enchant armour {unknown}
 K - 2 scrolls of random uselessness {unknown}
 L - a scroll of enchant weapon {unknown}
 M - 2 scrolls of acquirement {unknown}
 S - 6 scrolls of identify
 W - 2 scrolls of fear {unknown}
Potions
 d - a potion of invisibility
 f - a potion of cancellation
 g - 3 potions of magic {unknown}
 h - 3 potions of mutation
 u - 3 potions of curing
 v - 2 potions of heal wounds {unknown}
 z - 4 potions of brilliance {unknown}
 C - 4 potions of flight
 G - 3 potions of haste
 H - a potion of agility
 P - a potion of lignification {unknown}
Comestibles
 c - 29 rations
 Y - 6 chunks of flesh


   Skills:
 + Level 9.1 Fighting
 - Level 1.7 Dodging
 - Level 1.7 Stealth
 - Level 6.7 Spellcasting
 - Level 8.4 Conjurations
 - Level 8.7 Fire Magic


You had 10 spell levels left.
You knew the following spells:

 Your Spells              Type           Power        Failure   Level  Hunger
a - Flame Tongue          Conj/Fire      #####        1%          1    None
b - Conjure Flame         Conj/Fire      #####...     1%          3    #......
c - Sticky Flame          Conj/Fire      #####...     2%          4    ###....
d - Fireball              Conj/Fire      #####.....   8%          5    #####..

Your spell library contained the following spells:

 Spells                   Type           Power        Failure   Level  Hunger
 Throw Flame              Conj/Fire      #####.       1%          2    None
 Inner Flame              Hex/Fire       ####....     4%          3    #......


Dungeon Overview and Level Annotations

Branches:
Dungeon (11/15)            Temple (0/1) D:7             Orc (0/2) D:10
   Lair: D:8-11

Shops:
D:4 (   D:5 %


Innate Abilities, Weirdness & Mutations

You have an increased reservoir of magic. (+10% MP)


Message History

You feel better. The yak gores you!
* * * LOW HITPOINT WARNING * * *
As you read the scroll of teleportation, it crumbles to dust.
You feel strangely unstable. The yak gores you.
* * * LOW HITPOINT WARNING * * *
A red film seems to cover your vision as you go berserk!
You feel yourself moving faster!
You feel mighty! The yak gores you!
* * * LOW HITPOINT WARNING * * *
Unknown command.
You are too berserk!
You are too berserk!
You are too berserk!
There isn't anything here!
You puncture the yak!
The yak is poisoned.
The yak is severely wounded.
The yak gores you but does no damage.
You puncture the yak!
The yak is almost dead.
The yak gores you.
You die...

##.###.## ##.#
#..##..# #..#
##.###.## ##.##
#..##..# #..##
##.###.## ##.###
#..##..# #..##.
##.###.###.###.
### #......=......
#@# #.###########.
#Y###...##.##.....
#oo####.##.##...).
##.# #.##........
#.# #..#...♣♣...
#.## ##...♣.♣P...
#..# ##..♣♣.....
##.# ##........
##.######....#<..


You could see a yak, an orc priest and an orc.

Vanquished Creatures
  3 two-headed ogres
  Pikel (D:5)
  2 trolls (D:10)
  The ghost of Namnaref the Chopper, an amateur OpBe of Trog (D:5)
  A hippogriff (D:8)
  Sigmund (D:6)
  4 yaks
  A water moccasin (D:8)
  A black bear (D:9)
  4 ice beasts
  8 orc warriors
  A slave (D:4)
  A sky beast (D:9)
  2 phantoms
  8 centaurs
  13 ogres
  2 bullfrogs
  3 gnoll sergeants (D:10)
  A big kobold (D:10)
  3 scorpions
  7 wights
  4 howler monkeys
  3 crimson imps
  A quasit (D:9)
  A bullfrog zombie (D:10)
  10 orc priests
  2 hounds
  2 centaur skeletons
  2 bullfrog skeletons (D:10)
  A jelly (D:10)
  13 orc wizards
  4 iguanas
  8 worker ants
  A howler monkey zombie (D:5)
  A worker ant zombie (D:10)
  8 adders
  15 gnolls
  3 shadow imps
  6 worms
  5 dart slugs
  10 leopard geckos
  61 orcs
  9 bats
  5 giant cockroaches
  16 goblins
  11 hobgoblins
  14 jackals
  18 kobolds
  2 quokkas
  3 ball pythons
  4 frilled lizards
  A quokka zombie (D:5)
  9 rats
321 creatures vanquished.

Vanquished Creatures (others)
  An orc (D:5)
1 creature vanquished.

Grand Total: 322 creatures vanquished

Notes
Turn   | Place    | Note
-------+----------+-------------------------------------------
     0 | D:1      | torrenera the Demigod Fire Elementalist began the quest for the Orb.
     0 | D:1      | Reached XP level 1. HP: 14/14 MP: 5/5
   271 | D:1      | Reached XP level 2. HP: 4/20 MP: 4/7
  1093 | D:1      | Reached XP level 3. HP: 26/26 MP: 5/8
  1164 | D:1      | Learned a level 3 spell: Conjure Flame
  1500 | D:2      | Found a white marble altar of Elyvilon.
  2295 | D:2      | Reached XP level 4. HP: 33/33 MP: 4/9
  3104 | D:3      | Reached skill level 5 in Fire Magic
  3359 | D:3      | Found a snail-covered altar of Cheibriados.
  3384 | D:3      | Reached XP level 5. HP: 19/38 MP: 7/10
  3794 | D:3      | Found a shattered altar of Ashenzari.
  4244 | D:4      | Noticed a phantom
  4252 | D:4      | Killed a phantom
  4252 | D:4      | Reached XP level 6. HP: 36/45 MP: 0/11
  5016 | D:4      | Learned a level 4 spell: Sticky Flame
  5251 | D:4      | Found Gautuq's Weapon Emporium.
  5430 | D:5      | Entered Level 5 of the Dungeon
  5555 | D:5      | Reached skill level 1 in Conjurations
  5573 | D:5      | Reached XP level 7. HP: 39/50 MP: 3/12
  5700 | D:5      | Found Ycaotiar's Food Boutique.
  5836 | D:5      | Noticed Pikel
  6198 | D:5      | Killed Pikel
  6713 | D:5      | Reached XP level 8. HP: 57/57 MP: 13/13
  6865 | D:5      | Found a runed gate.
  6866 | D:5      | Found a runed gate.
  6866 | D:5      | Noticed Namnaref's ghost (amateur OpBe)
  6867 | D:5      | Found a runed gate.
  6867 | D:5      | Found a roughly hewn altar of Beogh.
  7082 | D:5      | Killed Namnaref's ghost
  7082 | D:5      | Reached skill level 5 in Conjurations
  7260 | D:5      | Got a shimmering ring mail
  7283 | D:5      | Identified the +0 ring mail "Gusimuxku" {rC+} (You took it off an orc on level 5 of the Dungeon)
  8086 | D:6      | Noticed Sigmund
  8099 | D:6      | Killed Sigmund
  8589 | D:6      | Reached XP level 9. HP: 62/62 MP: 5/14
  9521 | D:7      | Found a staircase to the Ecumenical Temple.
  9768 | D:7      | Found a deep blue altar of Sif Muna.
 10994 | D:8      | Noticed a two-headed ogre
 11003 | D:8      | You fall through a shaft for 3 floors!
 11011 | D:11     | Reached skill level 5 in Spellcasting
 11125 | D:10     | Entered Level 10 of the Dungeon
 11278 | D:10     | Noticed a two-headed ogre
 11301 | D:10     | Killed a two-headed ogre
 11691 | D:10     | Reached XP level 10. HP: 68/69 MP: 13/24
 11758 | D:10     | Learned a level 5 spell: Fireball
 11799 | D:10     | Found a staircase to the Orcish Mines.
 11831 | D:10     | Reached skill level 1 in Fighting
 11848 | D:10     | Reached skill level 2 in Fighting
 11869 | D:10     | Reached skill level 3 in Fighting
 12101 | D:10     | Reached skill level 4 in Fighting
 12553 | D:9      | Reached skill level 5 in Fighting
 12790 | D:9      | Noticed a two-headed ogre
 12805 | D:9      | Killed a two-headed ogre
 12805 | D:9      | Reached skill level 6 in Fighting
 13124 | D:9      | Reached skill level 7 in Fighting
 13982 | D:8      | Found a hazy altar of Hepliaklqana.
 14043 | D:8      | Killed a two-headed ogre
 14043 | D:8      | Reached skill level 8 in Fighting
 14450 | D:8      | Found an ancient bone altar of Kikubaaqudgha.
 14660 | D:8      | Found a burning altar of Makhleb.
 14660 | D:8      | Found a stormy altar of Qazlal.
 14669 | D:8      | Found a sacrificial altar of Ru.
 14671 | D:8      | Found an ornate altar of the Wu Jian Council.
 14673 | D:8      | Found a glowing golden altar of the Shining One.
 14676 | D:8      | Got a scorched lead ring
 15256 | D:10     | Reached XP level 11. HP: 95/95 MP: 19/25
 15569 | D:10     | Reached skill level 9 in Fighting
 15701 | D:10     | HP: 2/145 [yak (14)]
 15703 | D:10     | Slain by a yak

Vault maps used:
D:1:      lightli_arrival_flooded_house, minmay_tree_intersection,
          minmay_quantized
D:2:      minmay_wonky_spiral, elyvilon_altar_4, first_ration
D:3:      kennysheep_slug_shrine, cheibrodos_ashenzari_chains,
          hangedman_decor_opposing
D:4:      serial_shops, shop_fountains
D:5:      corexii_shantytown, serial_shops, shop, biasface_ghost_orc_armoury,
          minmay_small_thing, uniq_pikel
D:6:      cheibrodos_barr_body, minmay_ogre_servants, uniq_sigmund
D:7:      overflow_temple_1_default, minmay_temple_entry_trees
D:8:      lemuel_crystal_altar, nicolae_overflow_hidden_temple,
          chequers_temple_overflow_minitemple
D:9:      grunt_ministairs_14
D:10:     kennysheep_orc_monster_closet_entryway, columned_hall_lemuel,
          nicolae_benzene_ring, serial_park_tiny_2, grunt_ministairs_8
D:11:     minmay_lair_entry_lava, lab_entry_generic, blue_anna_alchemist,
          uniq_erica, uniq_snorg, uniq_josephine

Skill      XL: |  1  2  3  4  5  6  7  8  9 10 11 |
---------------+----------------------------------+-----
Fire Magic     | 3 4 5 6 7 8 |  8.7
Conjurations   | 1 3 7 8 |  8.4
Spellcasting   | 6 |  6.7
Fighting       | 8 9 |  9.1
Dodging        | |  1.7
Stealth        | |  1.7

Action                   |  1- 3 |  4- 6 |  7- 9 | 10-12 || total
-------------------------+-------+-------+-------+-------++-------
Melee: Dagger            |    19 |       |       |       ||    19
       Unarmed           |     4 |       |       |       ||     4
       Spear             |    20 |    31 |    50 |       ||   101
       Dire flail        |       |       |    35 |       ||    35
       Trident           |       |       |    94 |   140 ||   234
       Scythe            |       |       |    22 |       ||    22
       Blowgun           |       |       |     2 |       ||     2
 Fire: Blowgun           |       |    20 |    66 |    54 ||   140
       Hunting sling     |       |       |     8 |    39 ||    47
Throw: Stone             |       |    13 |     1 |     5 ||    19
 Cast: Flame Tongue      |    72 |   148 |   183 |    49 ||   452
       Conjure Flame     |     1 |     7 |    22 |    16 ||    46
       Sticky Flame      |       |       |    19 |    46 ||    65
       Fireball          |       |       |       |     2 ||     2
Evoke: Wand              |       |       |     1 |       ||     1
  Use: Potion            |       |     1 |       |     2 ||     3
       Scroll            |       |     7 |     3 |     1 ||    11
 Stab: Sleeping          |     1 |     1 |     7 |     2 ||    11
       Distracted        |       |       |     1 |       ||     1
  Eat: Chunk             |     5 |    14 |    24 |    17 ||    60
       Ration            |       |       |     1 |       ||     1
Armor: Robe              |    18 |     8 |    48 |    50 ||   124
Dodge: Dodged            |    58 |    53 |   152 |   108 ||   371

Table legend:
 A = Spawn XP
 B = Non-spawn XP
 C = Spawn XP percentage of total XP
 D = Spawn monster count
 E = Non-spawn monster count
 F = Spawn count percentage of total count
 G = Total turns spent on level
                    A         B        C        D         E        F      G
               +---------+---------+-------+---------+---------+-------+---------
         Total |       0 |   14566 |   0.0 |       0 |     320 |   0.0 | 15703
               +---------+---------+-------+---------+---------+-------+---------
           D:1 |       0 |      70 |   0.0 |       0 |      32 |   0.0 |  1467
           D:2 |       0 |      68 |   0.0 |       0 |      21 |   0.0 |  1467
           D:3 |       0 |     214 |   0.0 |       0 |      30 |   0.0 |  1513
           D:4 |       0 |     495 |   0.0 |       0 |      19 |   0.0 |  1077
           D:5 |       0 |    1406 |   0.0 |       0 |      44 |   0.0 |  1996
           D:6 |       0 |    1544 |   0.0 |       0 |      40 |   0.0 |  1987
           D:7 |       0 |    1085 |   0.0 |       0 |      21 |   0.0 |  1482
           D:8 |       0 |    1651 |   0.0 |       0 |      20 |   0.0 |  1053
           D:9 |       0 |    2575 |   0.0 |       0 |      33 |   0.0 |  1306
          D:10 |       0 |    4575 |   0.0 |       0 |      55 |   0.0 |  2097
          D:11 |       0 |     883 |   0.0 |       0 |       5 |   0.0 |   258
               +---------+---------+-------+---------+---------+-------+---------
